 Dungeon Crawl Stone Soup version 0.29-a0-8-g0446c0dae4 (webtiles) character file.

Game seed: 9988119338554914364

164 issech the Cudgeller (level 5, -9/52 HPs)
             Began as a Troll Monk on Jan 27, 2022.
             Mangled by an ogre (28 damage)
             ... on level 4 of the Dungeon.
             The game lasted 00:06:16 (2449 turns).

issech the Cudgeller (Troll Monk)                   Turns: 2449, Time: 00:06:17

Health: -9/52      AC:  5    Str: 19    XL:     5   Next: 21%
Magic:  4/4        EV: 11    Int:  6    God:
Gold:   154        SH:  0    Dex: 14    Spells: 4/4 levels left

rFire   . . .      SeeInvis .   a - +0 mace
rCold   . . .      Faith    .   (no shield)
rNeg    . . .      Spirit   .   b - +0 robe
rPois   +          Reflect  .   (helmet restricted)
rElec   .          Harm     .   g - +0 cloak
rCorr   .          Rampage  .   (gloves unavailable)
Will    .....                   (boots unavailable)
Stlth   ++........              (no amulet)
HPRegen 0.97/turn               e - ring of poison resistance
MPRegen 0.09/turn               (no ring)

@: no status effects
A: large, unfitting armour, claws 3, regeneration 1, shaggy fur 1, tough skin 1
a: no special abilities


You were on level 4 of the Dungeon.
You visited 1 branch of the dungeon, and saw 4 of its levels.

You collected 154 gold pieces.

Inventory:

Hand Weapons
 a - a +0 mace (weapon)
 m - a +0 hunting sling
 v - a +0 flail
Missiles
 c - 68 stones (quivered)
 q - 27 arrows
Armour
 b - a +0 robe (worn)
 g - a +0 cloak (worn)
Jewellery
 e - a ring of poison resistance (left claw)
Scrolls
 d - a scroll of fear {unknown}
 f - 2 scrolls of identify {unknown}
 k - 4 scrolls of teleportation {unknown}
 n - a scroll of fog {unknown}
 r - 2 scrolls of noise {unknown}
 u - a scroll of enchant armour {unknown}
 w - a scroll of enchant weapon {unknown}
Potions
 h - 2 potions of mutation {unknown}
 i - 2 potions of lignification {unknown}
 j - 2 potions of haste {unknown}
 l - 2 potions of curing {unknown}
 o - a potion of magic {unknown}
 p - 2 potions of heal wounds {unknown}
 s - 2 potions of berserk rage {unknown}
 t - a potion of brilliance {unknown}


   Skills:
 + Level 2.9 Fighting
 + Level 4.1 Maces & Flails
 + Level 3.4 Dodging
 + Level 1.3 Stealth


You had 4 spell levels left.
You didn't know any spells.
Your spell library contained the following spells:

 Spells                   Type           Power      Damage    Failure   Level
 Ensorcelled Hibernation  Hex/Ice        0%         N/A       58%         2
 Spider Form              Tmut/Pois      0%         N/A       83%         3
 Summon Guardian Golem    Hex/Summ       0%         N/A       83%         3
 Anguish                  Hex/Necr       0%         N/A       99%         4
 Orb of Destruction       Conj           0%         9d5       100%        7
 Spellforged Servitor     Conj/Summ      0%         N/A       100%        7


Dungeon Overview and Level Annotations

Branches:
Dungeon (4/15)
 Temple: D:4-7

Altars:
Xom


Innate Abilities, Weirdness & Mutations

You are too large for most types of armour.
You have claws for hands.
Your natural rate of healing is unusually fast.
You are covered in fur. (AC +1)
You have tough skin. (AC +1)


Message History

The endoplasm freezes you.
You are frozen.
You hit the endoplasm.
The endoplasm is almost dead.
The endoplasm barely misses you.
You hit the endoplasm.
You kill the endoplasm!
Found 10 gold pieces.
You see here a +0 mace.
You now have 154 gold pieces (gained 10).
w - a scroll labelled ASMIER DYSE An adder comes into view.
The adder hisses angrily.
Found a robe.
You sock the adder!
The adder is severely wounded.
The adder barely misses you. The adder closely misses you.
You hit the adder.
You kill the adder!
An ogre comes into view. It is wielding a +0 giant spiked club.
The ogre shouts!
The ogre hits you with a +0 giant spiked club!
The ogre barely misses you.
You hit the ogre.
The ogre is lightly wounded.
The ogre hits you with a +0 giant spiked club!!
You hit the ogre.
The ogre is moderately wounded.
The ogre barely misses you.
You sock the ogre!
The ogre is heavily wounded.
The ogre barely misses you.
You sock the ogre!
The ogre is severely wounded.
The ogre hits you with a +0 giant spiked club!!
You hit the ogre.
The ogre is severely wounded.
The ogre hits you with a +0 giant spiked club!!
Ouch! That really hurt!
You die...

........+ #..........#
#..........+ .
#..........######.
..#####......#+#....[...
......... #.#.#######
#..... #.#....#
#....#+#+##.#.##.#
#...@O...........###
#......#..#........#
#......#.####.####.#
.........#......#..#.#
######...########..#.#
###..##........#.#
#.......###.#.##.#
#.#.###.#...#.##.#
#.#.....#.#.#.##.#


You could see an ogre.

Vanquished Creatures
  A centaur skeleton (D:4)
  7 adders
  3 worms (D:2)
  An orc (D:3)
  5 bats
  8 endoplasms
  3 giant cockroaches
  5 goblins
  3 hobgoblins
  8 jackals
  7 kobolds
  3 quokkas
  5 ball pythons
  A frilled lizard (D:2)
  4 rats
64 creatures vanquished.

Notes
Turn   | Place    | Note
-------+----------+-------------------------------------------
     0 | D:1      | issech the Troll Monk began the quest for the Orb.
     0 | D:1      | Reached XP level 1. HP: 22/22 MP: 0/0
    98 | D:1      | Reached skill level 3 in Maces & Flails
   117 | D:1      | Reached XP level 2. HP: 29/29 MP: 1/1
   508 | D:1      | Found a faded altar of an unknown god.
  1066 | D:2      | Reached XP level 3. HP: 36/36 MP: 2/2
  1198 | D:2      | Found a shimmering altar of Xom.
  1288 | D:2      | Identified the +4 leather armour of Card Tricks {rElec
                  | Will+ Str-4}
  1410 | D:2      | Reached XP level 4. HP: 42/44 MP: 3/3
  2362 | D:4      | Reached skill level 4 in Maces & Flails
  2362 | D:4      | Reached XP level 5. HP: 47/52 MP: 4/4
  2422 | D:4      | Noticed an ogre
  2449 | D:4      | Mangled by an ogre

Illustrated notes

Levels and vault maps discovered:
D:1:      lightli_arrival_flooded_house, layout_basic,
          shapermc_ecumenical_altar_mp_urbaneastern, nrook_uturn,
          minmay_tree_intersection
D:2:      layout_basic, basic_altar
D:3:      layout_basic
D:4:      layout_basic, marbit_many_paths

Skill      XL: |  1  2  3  4 |
---------------+-------------+-----
Maces & Flails | 3 4 |  4.1
Dodging        | 3 |  3.4
Fighting       | |  2.9
Stealth        | |  1.3

Action                   |  1- 3 |  4- 6 || total
-------------------------+-------+-------++-------
Melee: Mace              |   158 |   107 ||   265
       Punch             |     1 |     1 ||     2
 Stab: Sleeping          |     4 |     1 ||     5
Armor: Robe              |    88 |    64 ||   152
Dodge: Dodged            |   148 |    94 ||   242

Table legend: (Time is in decaauts)
 A = Elapsed time spent in this place.
 B = Non-inter-level travel time spent in this place.
 C = Inter-level travel time spent in this place.
 D = Time resting spent in this place.
 E = Time spent auto-exploring this place.
 F = Levels seen in this place.
 G = Mean time per level.
                   A        B        C        D        E       F      G
               +--------+--------+--------+--------+--------+-----+--------+
         Total |   2508 |   2437 |     71 |      0 |   1494 |   4 |  627.0 |
       Dungeon |   2508 |   2437 |     71 |      0 |   1494 |   4 |  627.0 |
               +--------+--------+--------+--------+--------+-----+--------+

Top non-repeatable levels by time:
     D:1: 1005 daAuts
     D:2: 835 daAuts
     D:3: 555 daAuts
     D:4: 112 daAuts
